TOP OF THE 1ST |
Los Angeles (NYP) Angels batting - Pitching for Aberdeen Ironbirds : RHP Fabiano Ceriani
|
Pitching: RHP Fabiano Ceriani
|
|
Batting: LHB Dave Hicks
|
0-0: Foul Ball, location: 2F 0-1: Ball 1-1: Ball 2-1: Ball 3-1: Ground out 6-3 (Groundball, 6, EV 86.2 MPH)
|
Batting: RHB Ricky Mejicanos
|
0-0: Called Strike 0-1: SINGLE (Groundball, 56S, EV 64.4 MPH) (infield hit)
|
Batting: RHB Juan Montez
|
0-0: Ball 1-0: Fielders Choice at 2nd, 6-4 (Groundball, 6S, EV 83.8 MPH)
|
Batting: RHB Dean LeCroy
|
0-0: Called Strike 0-1: Ball 1-1: Ball 2-1: Swinging Strike 2-2: Foul Ball, location: 2F 2-2: Ball 3-2: Foul Ball, location: 2F 3-2: Strikes out swinging
|
Top of the 1st over - 0 runs, 1 hit, 0 errors, 1 left on base; Los Angeles (NYP) 0 - Aberdeen 0 |
BOTTOM OF THE 1ST |
Aberdeen Ironbirds batting - Pitching for Los Angeles (NYP) Angels : LHP Mark Sanders
|
Pitching: LHP Mark Sanders
|
|
Batting: RHB Josh Hopp
|
0-0: Fly out, F7 (Flyball, 7LM, EV 92.5 MPH)
|
Batting: LHB Adam Oldfield
|
0-0: Swinging Strike 0-1: Foul Ball, location: 2F 0-2: Ball 1-2: Ball 2-2: Strikes out looking
|
Batting: RHB Matt O'Dea
|
0-0: Ball 1-0: Called Strike 1-1: SINGLE (Groundball, 56D, EV 95.0 MPH)
|
Batting: RHB Daniel Jackson
|
0-0: Fly out, F9 (Flyball, 9D, EV 89.4 MPH)
|
Bottom of the 1st over - 0 runs, 1 hit, 0 errors, 1 left on base; Los Angeles (NYP) 0 - Aberdeen 0 |
TOP OF THE 2ND |
Los Angeles (NYP) Angels batting - Pitching for Aberdeen Ironbirds : RHP Fabiano Ceriani
|
Batting: LHB Spencer Palmer
|
0-0: Called Strike 0-1: Ball 1-1: Swinging Strike 1-2: Strikes out swinging
|
Batting: LHB Mutsuo IIda
|
0-0: Ball 1-0: Called Strike 1-1: Ground out 6-3 (Groundball, 6S, EV 71.2 MPH)
|
Batting: RHB T.J. Gray
|
0-0: SINGLE (Groundball, 6MD, EV 103.1 MPH)
|
Batting: RHB David Rhodes
|
0-0: Ball 1-0: Hit by Pitch T.J. Gray to second
|
Batting: RHB Ron Major
|
0-0: Ball 1-0: Ball 2-0: Ball 3-0: Called Strike 3-1: Base on Balls T.J. Gray to third David Rhodes to second
|
Batting: LHB Dave Hicks
|
0-0: SINGLE (Groundball, 34D, EV 96.9 MPH) T.J. Gray scores David Rhodes to third Ron Major to second Runner from 3rd tries for Home, SAFE, throw by RF to home
|
Batting: RHB Ricky Mejicanos
|
0-0: Ball 1-0: SINGLE (Groundball, 6MD, EV 96.9 MPH) Ron Major to third Dave Hicks to second Runner from 3rd tries for Home, SAFE, throw by CF to home
|
Batting: RHB Juan Montez
|
0-0: Called Strike 0-1: Called Strike 0-2: Ball 1-2: Fielders Choice at 2nd, 6-4 (Groundball, 6, EV 100.0 MPH)
|
Top of the 2nd over - 3 runs, 3 hits, 0 errors, 2 left on base; Los Angeles (NYP) 3 - Aberdeen 0 |
BOTTOM OF THE 2ND |
Aberdeen Ironbirds batting - Pitching for Los Angeles (NYP) Angels : LHP Mark Sanders
|
Batting: RHB Wes Reynolds
|
0-0: Ball 1-0: Ball 2-0: Swinging Strike 2-1: Ball 3-1: Swinging Strike 3-2: Base on Balls
|
Batting: RHB Mike Zepeda
|
0-0: Foul Ball, location: 2F 0-1: Ball 1-1: Swinging Strike 1-2: Foul Ball, location: 2F 1-2: Fly out, F8 (Line Drive, 8LD, EV 96.2 MPH)
|
Batting: LHB Ralph Braine
|
0-0: SINGLE (Groundball, 4MD, EV 105.6 MPH) Wes Reynolds to second Runner from 2nd tries for 3rd, SAFE, throw by CF made to third
|
Batting: RHB Marquis Major
|
0-0: SINGLE (Groundball, 6MD, EV 98.1 MPH) Wes Reynolds scores Ralph Braine to second Runner from 2nd tries for 3rd, SAFE, throw by CF made to third
|
Batting: RHB Matt Berrier
|
0-0: Swinging Strike 0-1: Called Strike 0-2: Foul Ball, location: 2F 0-2: Ball 1-2: Ball 2-2: Fly out, F4 (Popup, 4D, EV 59.4 MPH)
|
Batting: RHB Josh Hopp
|
0-0: Ball 1-0: Called Strike 1-1: Foul Ball, location: 2F 1-2: Ball 2-2: Foul Ball, location: 2F 2-2: Ground out 1-3 (Groundball, 13S, EV 68.8 MPH)
|
Bottom of the 2nd over - 1 run, 2 hits, 0 errors, 2 left on base; Los Angeles (NYP) 3 - Aberdeen 1 |
TOP OF THE 3RD |
Los Angeles (NYP) Angels batting - Pitching for Aberdeen Ironbirds : RHP Fabiano Ceriani
|
Batting: RHB Dean LeCroy
|
0-0: Swinging Strike 0-1: Ball 1-1: Called Strike 1-2: Foul Ball, location: 2F 1-2: Ball 2-2: Strikes out looking
|
Batting: LHB Spencer Palmer
|
0-0: Ball 1-0: Ball 2-0: Ball 3-0: Base on Balls
|
Batting: LHB Mutsuo IIda
|
0-0: Called Strike 0-1: Foul Ball, location: 2F 0-2: Foul Ball, location: 2F 0-2: Fielders Choice at 2nd, 6-4 (Groundball, 6, EV 85.0 MPH)
|
Batting: RHB T.J. Gray
|
0-0: Ball 1-0: Called Strike Mutsuo IIda steals 2nd base 1-1: Ball 2-1: SINGLE (Groundball, 56D, EV 100.0 MPH) Mutsuo IIda to third Runner from 3rd tries for Home, SAFE, throw by LF to home T.J. Gray to second
|
Batting: RHB David Rhodes
|
0-0: Ground out 4-3 (Groundball, 4M, EV 83.8 MPH)
|
Top of the 3rd over - 1 run, 1 hit, 0 errors, 1 left on base; Los Angeles (NYP) 4 - Aberdeen 1 |
BOTTOM OF THE 3RD |
Aberdeen Ironbirds batting - Pitching for Los Angeles (NYP) Angels : LHP Mark Sanders
|
Batting: LHB Adam Oldfield
|
0-0: Ball 1-0: Ball 2-0: Called Strike 2-1: Ball 3-1: Foul Ball, location: 2F 3-2: Strikes out swinging
|
Batting: RHB Matt O'Dea
|
0-0: Fly out, F8 (Line Drive, 8RM, EV 94.4 MPH)
|
Batting: RHB Daniel Jackson
|
0-0: Ball 1-0: Ball 2-0: Called Strike 2-1: SINGLE (Flyball, 8RS, EV 91.9 MPH)
|
Batting: RHB Wes Reynolds
|
0-0: Ball Daniel Jackson steals 2nd, throwing error, E2 Daniel Jackson to third 1-0: Ground out 6-3 (Groundball, 6, EV 103.8 MPH)
|
Bottom of the 3rd over - 0 runs, 1 hit, 1 error, 1 left on base; Los Angeles (NYP) 4 - Aberdeen 1 |
TOP OF THE 4TH |
Los Angeles (NYP) Angels batting - Pitching for Aberdeen Ironbirds : RHP Fabiano Ceriani
|
Batting: RHB Ron Major
|
0-0: Reached on error, E5 (Groundball, 5L, EV 78.8 MPH)
|
Batting: LHB Dave Hicks
|
0-0: Foul Ball, location: 2F 0-1: Foul Ball, location: 2F 0-2: Hit by Pitch
|
Batting: RHB Ricky Mejicanos
|
0-0: Ball 1-0: Ball 2-0: Foul Ball, location: 2F 2-1: Foul Ball, location: 2F 2-2: Fielders Choice at 2nd, 6-4 (Groundball, 6, EV 83.8 MPH) Ron Major to third
|
Batting: RHB Juan Montez
|
0-0: Called Strike Ricky Mejicanos is caught stealing 2nd base 2-4 0-1: Swinging Strike 0-2: Foul Ball, location: 2F 0-2: Foul Ball, location: 2F 0-2: Foul Ball, location: 2F 0-2: Ball 1-2: Ball 2-2: Ball 3-2: Strikes out looking
|
Top of the 4th over - 0 runs, 0 hits, 1 error, 1 left on base; Los Angeles (NYP) 4 - Aberdeen 1 |
BOTTOM OF THE 4TH |
Aberdeen Ironbirds batting - Pitching for Los Angeles (NYP) Angels : LHP Mark Sanders
|
Batting: RHB Mike Zepeda
|
0-0: Ball 1-0: Called Strike 1-1: Swinging Strike 1-2: Ball 2-2: Ball 3-2: Strikes out looking
|
Batting: LHB Ralph Braine
|
0-0: Ground out 4-3 (Groundball, 4M, EV 84.4 MPH)
|
Batting: RHB Marquis Major
|
0-0: Foul Ball, location: 2F 0-1: Foul Ball, location: 2F 0-2: Ball 1-2: Strikes out swinging
|
Bottom of the 4th over - 0 runs, 0 hits, 0 errors, 0 left on base; Los Angeles (NYP) 4 - Aberdeen 1 |
TOP OF THE 5TH |
Los Angeles (NYP) Angels batting - Pitching for Aberdeen Ironbirds : RHP Fabiano Ceriani
|
Batting: RHB Dean LeCroy
|
0-0: Foul Ball, location: 2F 0-1: Foul Ball, location: 2F 0-2: Strikes out swinging
|
Batting: LHB Spencer Palmer
|
0-0: Called Strike 0-1: Called Strike 0-2: Ball 1-2: Fly out, F9 (Flyball, 9LMF, EV 96.9 MPH)
|
Batting: LHB Mutsuo IIda
|
0-0: Foul Ball, location: 2F 0-1: Swinging Strike 0-2: Ball 1-2: Ball 2-2: Foul Ball, location: 2F 2-2: SINGLE (Groundball, 4, EV 94.4 MPH)
|
Pitching: RHP Chris McCurdy
|
|
Batting: RHB T.J. Gray
|
0-0: Ball 1-0: Called Strike 1-1: Foul Ball, location: 2F 1-2: Strikes out looking
|
Top of the 5th over - 0 runs, 1 hit, 0 errors, 1 left on base; Los Angeles (NYP) 4 - Aberdeen 1 |
BOTTOM OF THE 5TH |
Aberdeen Ironbirds batting - Pitching for Los Angeles (NYP) Angels : LHP Mark Sanders
|
Batting: RHB Matt Berrier
|
0-0: Ball 1-0: Called Strike 1-1: Ball 2-1: Ground out 5-3 (Groundball, 56, EV 82.5 MPH)
|
Batting: RHB Josh Hopp
|
0-0: Foul Ball, location: 2F 0-1: Ball 1-1: Called Strike 1-2: Foul Ball, location: 2F 1-2: Strikes out looking
|
Batting: LHB Adam Oldfield
|
0-0: Ball 1-0: DOUBLE (Line Drive, 78D, EV 100.6 MPH)
|
Pinch Runner at 2nd Mike Pitts:
|
|
Batting: RHB Matt O'Dea
|
0-0: Called Strike 0-1: Ball 1-1: Called Strike 1-2: Ball 2-2: Foul Ball, location: 2F 2-2: DOUBLE (Flyball, 8RXD, EV 100.6 MPH) Mike Pitts scores
|
Batting: RHB Daniel Jackson
|
0-0: Ball 1-0: Foul Ball, location: 2F 1-1: Ball 2-1: SINGLE (Line Drive, 9S, EV 86.9 MPH) Matt O'Dea to third
|
Pitching: RHP Jamie Snyder
|
|
Batting: RHB Wes Reynolds
|
0-0: Called Strike 0-1: Ball 1-1: Foul Ball, location: 2F 1-2: Ball 2-2: Fielders Choice at 2nd, 6-4 (Groundball, 6, EV 78.8 MPH)
|
Bottom of the 5th over - 1 run, 3 hits, 0 errors, 2 left on base; Los Angeles (NYP) 4 - Aberdeen 2 |
TOP OF THE 6TH |
Los Angeles (NYP) Angels batting - Pitching for Aberdeen Ironbirds : RHP Chris McCurdy
|
Batting: RHB David Rhodes
|
0-0: Called Strike 0-1: Reached via error on a dropped throw from 1B, E1 (Groundball, 34S, EV 84.4 MPH)
|
Batting: RHB Ron Major
|
0-0: Called Strike 0-1: Fly out, F8 (Flyball, 8LD, EV 83.1 MPH)
|
Batting: LHB Dave Hicks
|
0-0: Called Strike 0-1: Foul Ball, location: 2F 0-2: Ball 1-2: Foul Ball, location: 2F 1-2: Strikes out swinging
|
Batting: RHB Ricky Mejicanos
|
0-0: Ball 1-0: Ball 2-0: Ball 3-0: Base on Balls David Rhodes to second
|
Batting: RHB Juan Montez
|
0-0: Foul Ball, location: 2F 0-1: Foul Ball, location: 2F 0-2: Fly out, F9 (Flyball, 9D, EV 89.4 MPH)
|
Top of the 6th over - 0 runs, 0 hits, 1 error, 2 left on base; Los Angeles (NYP) 4 - Aberdeen 2 |
BOTTOM OF THE 6TH |
Aberdeen Ironbirds batting - Pitching for Los Angeles (NYP) Angels : RHP Jamie Snyder
|
Batting: RHB Mike Zepeda
|
0-0: Ball 1-0: Ball 2-0: Ball 3-0: Called Strike 3-1: Base on Balls
|
Batting: LHB Ralph Braine
|
0-0: Called Strike Mike Zepeda is caught stealing 2nd base 2-6 0-1: Ball 1-1: Swinging Strike 1-2: Ball 2-2: Foul Ball, location: 2F 2-2: Strikes out swinging
|
Batting: RHB Marquis Major
|
0-0: Swinging Strike 0-1: Swinging Strike 0-2: Ball 1-2: Strikes out swinging
|
Bottom of the 6th over - 0 runs, 0 hits, 0 errors, 0 left on base; Los Angeles (NYP) 4 - Aberdeen 2 |
TOP OF THE 7TH |
Los Angeles (NYP) Angels batting - Pitching for Aberdeen Ironbirds : RHP Chris McCurdy
|
Batting: RHB Dean LeCroy
|
0-0: Called Strike 0-1: Foul Ball, location: 2F 0-2: Strikes out swinging
|
Batting: LHB Spencer Palmer
|
0-0: Ball 1-0: Ball 2-0: Foul Ball, location: 2F 2-1: Foul Ball, location: 2F 2-2: Strikes out looking
|
Batting: LHB Mutsuo IIda
|
0-0: Ball 1-0: Foul Ball, location: 2F 1-1: Foul Ball, location: 2F 1-2: Ball 2-2: Hit by Pitch
|
Batting: RHB T.J. Gray
|
0-0: Ball 1-0: Ball 2-0: SINGLE (Line Drive, 56D, EV 96.2 MPH) Mutsuo IIda to second Runner from 2nd tries for 3rd, OUT! 7-5
|
Top of the 7th over - 0 runs, 1 hit, 0 errors, 1 left on base; Los Angeles (NYP) 4 - Aberdeen 2 |
BOTTOM OF THE 7TH |
Aberdeen Ironbirds batting - Pitching for Los Angeles (NYP) Angels : RHP Jamie Snyder
|
Pinch Hitting: LHB Vinny Rivera
|
0-0: Foul Ball, location: 2F 0-1: Ball 1-1: Swinging Strike 1-2: Strikes out swinging
|
Batting: RHB Josh Hopp
|
0-0: Ball 1-0: Foul Ball, location: 2F 1-1: Fly out, F7 (Flyball, 78S, EV 94.4 MPH)
|
Batting: RHB Mike Pitts
|
0-0: Ball 1-0: Called Strike 1-1: Swinging Strike 1-2: Foul Ball, location: 2F 1-2: Ball 2-2: Strikes out swinging
|
Bottom of the 7th over - 0 runs, 0 hits, 0 errors, 0 left on base; Los Angeles (NYP) 4 - Aberdeen 2 |
TOP OF THE 8TH |
Los Angeles (NYP) Angels batting - Pitching for Aberdeen Ironbirds : RHP Chris McCurdy
|
Now at SS: Ethan Finke
|
|
Batting: RHB David Rhodes
|
0-0: Ball 1-0: Reached on error, E6 (Groundball, 6, EV 103.1 MPH)
|
Batting: RHB Ron Major
|
0-0: Ball 1-0: Ground out 5-3 (Groundball, 56, EV 95.0 MPH)
|
Batting: LHB Dave Hicks
|
0-0: Intentional Walk
|
Batting: RHB Ricky Mejicanos
|
0-0: Swinging Strike 0-1: Ball 1-1: Foul Ball, location: 2F 1-2: Ball 2-2: Foul Ball, location: 2F 2-2: Ball 3-2: Foul Ball, location: 2F 3-2: Fly out, F9 (Flyball, 89S, EV 96.9 MPH)
|
Batting: RHB Juan Montez
|
0-0: Ball 1-0: Fly out, F7 (Line Drive, 7, EV 86.2 MPH)
|
Top of the 8th over - 0 runs, 0 hits, 1 error, 2 left on base; Los Angeles (NYP) 4 - Aberdeen 2 |
BOTTOM OF THE 8TH |
Aberdeen Ironbirds batting - Pitching for Los Angeles (NYP) Angels : RHP Jamie Snyder
|
Pitching: RHP Simon Vogel
|
|
Batting: RHB Matt O'Dea
|
0-0: Called Strike 0-1: Ball 1-1: Ball 2-1: Ball 3-1: Foul Ball, location: 2F 3-2: Strikes out looking
|
Batting: RHB Daniel Jackson
|
0-0: Called Strike 0-1: SINGLE (Groundball, 56D, EV 99.4 MPH)
|
Batting: RHB Wes Reynolds
|
Balk! Daniel Jackson to second 0-0: Ball 1-0: Ball 2-0: Ball 3-0: Called Strike 3-1: Fly out, F9 (Flyball, 9S, EV 81.2 MPH)
|
Batting: RHB Mike Zepeda
|
0-0: Ball 1-0: Foul Ball, location: 2F 1-1: Foul Ball, location: 2F 1-2: Foul Ball, location: 2F 1-2: Ball 2-2: Ball 3-2: Strikes out swinging
|
Bottom of the 8th over - 0 runs, 1 hit, 0 errors, 1 left on base; Los Angeles (NYP) 4 - Aberdeen 2 |
TOP OF THE 9TH |
Los Angeles (NYP) Angels batting - Pitching for Aberdeen Ironbirds : RHP Chris McCurdy
|
Batting: RHB Dean LeCroy
|
0-0: Called Strike 0-1: Ball 1-1: Ball 2-1: Ball 3-1: DOUBLE (Groundball, 5L, EV 108.1 MPH)
|
Pitching: RHP Jose Santos
|
|
Batting: LHB Spencer Palmer
|
0-0: Called Strike 0-1: Ball 1-1: Ball 2-1: Ball Balk! Dean LeCroy to third 3-1: Ground out 6-3 (Groundball, P, EV 75.6 MPH)
|
Batting: LHB Mutsuo IIda
|
0-0: Swinging Strike 0-1: Fly out, F9 (Flyball, 89M, EV 83.1 MPH) Runner from 3rd tags up, SCORES, throw by RF
|
Batting: RHB T.J. Gray
|
0-0: Called Strike 0-1: Swinging Strike 0-2: Ball 1-2: Foul Ball, location: 2F 1-2: Strikes out swinging passed ball, reaches first!
|
Batting: RHB David Rhodes
|
0-0: Called Strike 0-1: Ball 1-1: Ball T.J. Gray steals 2nd base 2-1: Intentional Walk
|
Batting: RHB Ron Major
|
0-0: Foul Ball, location: 2F 0-1: Ball 1-1: Ball 2-1: Ball 3-1: Foul Ball, location: 2F 3-2: Foul Ball, location: 2F 3-2: Base on Balls T.J. Gray to third David Rhodes to second
|
Batting: LHB Dave Hicks
|
0-0: Called Strike 0-1: Reached on error, E4 (Groundball, 4, EV 89.4 MPH) T.J. Gray scores David Rhodes to third Ron Major to second
|
Batting: RHB Ricky Mejicanos
|
0-0: Called Strike 0-1: Ball 1-1: Swinging Strike 1-2: Strikes out looking
|
Top of the 9th over - 2 runs, 1 hit, 1 error, 3 left on base; Los Angeles (NYP) 6 - Aberdeen 2 |
BOTTOM OF THE 9TH |
Aberdeen Ironbirds batting - Pitching for Los Angeles (NYP) Angels : RHP Simon Vogel
|
Batting: LHB Ralph Braine
|
0-0: Called Strike 0-1: Ball 1-1: SINGLE (Groundball, P, EV 80.0 MPH) (infield hit)
|
Batting: RHB Marquis Major
|
0-0: Ball 1-0: Foul Ball, location: 2F 1-1: Swinging Strike 1-2: Ball 2-2: Strikes out looking
|
Batting: RHB Ethan Finke
|
0-0: Called Strike 0-1: Ball 1-1: Ball 2-1: Ball 3-1: Base on Balls Ralph Braine to second
|
Pitching: RHP Danny Nava
|
|
Batting: RHB Josh Hopp
|
0-0: Called Strike 0-1: Swinging Strike 0-2: Ball 1-2: Strikes out swinging
|
Batting: RHB Mike Pitts
|
0-0: Foul Ball, location: 2F 0-1: Ball 1-1: Foul Ball, location: 2F 1-2: Foul Ball, location: 2F 1-2: Ball 2-2: Ground out U3 (Groundball, 3, EV 104.4 MPH)
|
Bottom of the 9th over - 0 runs, 1 hit, 0 errors, 2 left on base; Los Angeles (NYP) 6 - Aberdeen 2 |
|